 Dungeon Crawl Stone Soup version 0.31.0-12-g77e489cdc1 (webtiles) character file.

Game seed: 10649489965948504761

2060206 RepoMan the Eviscerator (level 27, 219/234 HPs)
             Began as a Felid Monk on Mar 2, 2024.
             Was the Champion of Wu Jian.
             Escaped with the Orb
             ... and 4 runes on Mar 3, 2024!
             The game lasted 07:20:10 (87740 turns).

RepoMan the Eviscerator (Felid Monk)               Turns: 87740, Time: 07:20:11

Health: 219/234    AC: 15    Str: 23    XL:     27
Magic:  6/25       EV: 34    Int: 20    God:    Wu Jian [******]
Gold:   2749       SH:  0    Dex: 32    Spells: 1/45 levels left
                                        Lives:  2   Deaths: 3

rFire   + +          +
                       - Unarmed
rCold   + . .        (shield unavailable)
rNeg    + . .        (body armour unavailable)
rPois   +            (helmet unavailable)
rElec   +            (cloak unavailable)
rCorr   .            (gloves unavailable)
SInv    +            (boots unavailable)
Will    +++++        F - amulet of the Four Winds {rN+ Will+++ Clar}
Stlth   ++           J - ring "Zemaekk" {rF+ rC+ Will+ Int+5}
HPRegen 0.59/turn    m - ring "Xapiashra" {rElec rF+++ rC+ MP-9 Dex+6}
MPRegen 0.19/turn

%: clarity
@: dragon-form, forested, enlightened, flying
A: dragon claw, dragon scales, breathe fire, flying, boosted hp, giant, (claws
1), (fangs 3), see invisible, (shaggy fur 3), (stealthy paws), no weapons or
thrown items, no armour, multi-lived, low MP 1
0: Orb of Zot
}: 4/15 runes: serpentine, barnacled, slimy, silver
a: Breathe Fire, Begin Untransformation, Renounce Religion, Wall Jump, Serpent's
Lash, Heavenly Storm


You escaped.
You worshipped Wu Jian.
Wu Jian was exalted by your worship.
You were a fearsome dragon!
You visited 12 branches of the dungeon, and saw 56 of its levels.
You visited the Abyss 1 time.
You also visited: Ice Cave, Volcano and Wizlab.

You collected 10445 gold pieces.
You spent 7696 gold pieces at shops.

Inventory:

Jewellery
 a - a ring of wizardry
 e - the ring "Ecat" {EV+5 Str+4 Int-3 Dex+2}
   (You found it on level 3 of the Elven Halls)

   [ring of evasion]

   EV+5:      It affects your evasion (+5).
   Str+4:     It affects your strength (+4).
   Int-3:     It affects your intelligence (-3).
   Dex+2:     It affects your dexterity (+2).
 g - a ring of protection from cold
 m - the ring "Xapiashra" (right foreclaw) {rElec rF+++ rC+ MP-9 Dex+6}
   (You found it on level 5 of the Vaults)

   [ring of dexterity]

   Dex+6:     It affects your dexterity (+6).
   rF+++:     It renders you almost immune to fire.
   rC+:       It protects you from cold.
   rElec:     It insulates you from electricity.
   MP-9:      It affects your magic capacity (-9).
 D - a +6 ring of intelligence
 F - the amulet of the Four Winds (around neck) {rN+ Will+++ Clar}
   (You found it on level 3 of the Lair of Beasts)

   [amulet of nothing]

   rN+:       It protects you from negative energy.
   Will+++:   It greatly increases your willpower.
   Clar:      It protects you from confusion, rage, mesmerisation and fear.
 G - a ring of positive energy
 J - the ring "Zemaekk" (left foreclaw) {rF+ rC+ Will+ Int+5}
   (You bought it in a shop on level 1 of the Elven Halls)

   [ring of willpower]

   Int+5:     It affects your intelligence (+5).
   rF+:       It protects you from fire.
   rC+:       It protects you from cold.
   Will+:     It increases your willpower.
 R - an amulet of magic regeneration
 V - the ring of Iloingul {rCorr Dex+4}
   (You bought it in a shop on level 2 of the Snake Pit)

   [ring of resist corrosion]

   Dex+4:     It affects your dexterity (+4).
   rCorr:     It protects you from acid and corrosion.
Talismans
 u - the serpent talisman of the Spheres {+Blink Int+3 Dex+2 Stlth+}
   (You took it off Aizul on level 1 of the Snake Pit)

   [serpent talisman]

   Int+3:     It affects your intelligence (+3).
   Dex+2:     It affects your dexterity (+2).
   +Blink:    It lets you blink.
   Stlth+:    It makes you more stealthy.
 W - a dragon-blood talisman (active)
 X - a granite talisman
Wands
 c - a wand of iceblast (36)
 y - a wand of paralysis (35)
 A - a wand of mindburst (13)
 B - a wand of light (23)
 O - a wand of flame (112)
 U - a wand of digging (6)
Scrolls
 f - 9 scrolls of fog
 h - 2 scrolls of silence
 i - 7 scrolls of torment
 j - 9 scrolls of revelation
 k - 17 scrolls of teleportation
 l - 10 scrolls of immolation
 p - 8 scrolls of vulnerability
 v - 9 scrolls of noise
 w - 5 scrolls of butterflies
 C - 9 scrolls of amnesia
 E - 8 scrolls of fear
 Q - 7 scrolls of poison
Potions
 b - 10 potions of curing
 n - a potion of haste
 o - 14 potions of lignification
 r - 4 potions of magic
 s - 8 potions of attraction
 t - 5 potions of mutation
 x - a potion of berserk rage
 z - 6 potions of enlightenment
 H - 3 potions of heal wounds
 I - a potion of might
 L - a potion of cancellation
 N - 8 potions of brilliance
 S - a potion of invisibility
Miscellaneous
 d - a lightning rod (4/4)
 M - a sack of spiders
 P - a phantom mirror
 T - a phial of floods


   Skills:
 - Level 19.9 Fighting
 - Level 25.5 Dodging
 - Level 11.1 Stealth
 - Level 25.5 Unarmed Combat
 - Level 9.9 Spellcasting
 + Level 23.0 Summonings
 - Level 11.1 Translocations
 - Level 3.3 Air Magic
 + Level 20.9 Shapeshifting


You had one spell level left.
You knew the following spells:

 Your Spells              Type           Power      Damage    Failure   Level
a - Manifold Assault      Tloc           53%        N/A       1%          4
b - Blink                 Tloc           100%       N/A       1%          2
g - Apportation           Tloc           100%       N/A       1%          1
h - Summon Hydra          Summ           40%        N/A       1%          7
l - Lesser Beckoning      Tloc           100%       N/A       1%          2
m - Martyr's Knell        Necr/Summ      54%        N/A       1%          4
v - Vhi's Electric Charg  Tloc/Air       76%        N/A       3%          4
x - Summon Horrible Thin  Summ           40%        N/A       3%          8
F - Summon Forest         Summ/Tloc      33%        N/A       1%          5
G - Malign Gateway        Summ/Tloc      33%        N/A       5%          7

Your spell library contained the following spells:

 Spells                   Type           Power      Damage    Failure   Level
 Summon Small Mammal      Summ           100%       N/A       0%          1
 Shock                    Conj/Air       64%        1d7       3%          1
 Kiss of Death            Conj/Necr      36%        2d8       7%          1
 Magic Dart               Conj           36%        1d4       7%          1
 Necrotise                Necr           36%        1d5       7%          1
 Sting                    Conj/Alch      36%        1d5       7%          1
 Call Imp                 Summ           100%       N/A       0%          2
 Call Canine Familiar     Summ           80%        N/A       0%          3
 Momentum Strike          Conj/Tloc      64%        3d9       1%          2
 Gell's Gravitas          Tloc           53%        N/A       1%          3
 Summon Ice Beast         Ice/Summ       54%        N/A       1%          3
 Teleport Other           Tloc           53%        N/A       1%          3
 Passage of Golubria      Tloc           53%        N/A       1%          4
 Summon Blazeheart Golem  Fire/Summ      54%        N/A       1%          4
 Summon Lightning Spire   Summ/Air       58%        N/A       1%          4
 Mercury Vapours          Alch/Air       32%        N/A       5%          2
 Static Discharge         Conj/Air       32%        3-5/arc   5%          2
 Swiftness                Air            23%        N/A       5%          3
 Cigotuvi's Dreadful Rot  Necr/Alch/Air  28%        N/A       7%          2
 Ensorcelled Hibernation  Hex/Ice        18%        N/A       11%         2
 Jinxbite                 Hex            18%        N/A       11%         2
 Searing Ray              Conj           18%        2d5       11%         2
 Sublimation of Blood     Necr           9%         N/A       11%         2
 Dispersal                Tloc           26%        N/A       12%         6
 Mephitic Cloud           Conj/Alch/Air  14%        N/A       14%         3
 Airstrike                Air            11%        2d(2-18)  19%         4
 Confusing Touch          Hex            9%         N/A       22%         3
 Dazzling Flash           Conj/Hex       18%        N/A       22%         3
 Fugue of the Fallen      Necr           9%         N/A       22%         3
 Hailstorm                Conj/Ice       9%         3d6       22%         3
 Inner Flame              Hex/Fire       9%         N/A       22%         3
 Ozocubu's Armour         Ice            9%         N/A       22%         3
 Passwall                 Erth           9%         N/A       22%         3
 Sigil of Binding         Hex            9%         N/A       22%         3
 Vampiric Draining        Necr           9%         2d6       22%         3
 Haunt                    Necr/Summ      27%        N/A       47%         7
 Spellforged Servitor     Conj/Summ      27%        N/A       47%         7
 Dragon's Call            Summ           40%        N/A       50%         9
 Anguish                  Hex/Necr       4%         N/A       56%         4
 Animate Dead             Necr           9%         N/A       56%         4
 Cause Fear               Hex            4%         N/A       56%         4
 Dispel Undead            Necr           9%         3d8       56%         4
 Flame Wave               Conj/Fire      9%         2d6       56%         4
 Fulminant Prism          Conj/Alch      4%         3d5       56%         4
 Ignite Poison            Fire/Alch      9%         N/A       56%         4
 Leda's Liquefaction      Alch/Erth      4%         N/A       56%         4
 Olgreb's Toxic Radiance  Alch           9%         N/A       56%         4
 Petrify                  Alch/Erth      9%         N/A       56%         4
 Sticky Flame             Fire/Alch      9%         2d5       56%         4
 Silence                  Hex/Air        8%         N/A       69%         5
 Freezing Cloud           Conj/Ice/Air   7%         6-21      77%         5
 Borgnjor's Vile Clutch   Necr/Erth      4%         N/A       89%         5
 Curse of Agony           Necr           9%         N/A       89%         5
 Fireball                 Conj/Fire      4%         3d4       89%         5
 Irradiate                Conj/Alch      4%         3d13      89%         5
 Iskenderun's Battlesphe  Conj           9%         2d6       89%         5
 Lee's Rapid Deconstruct  Erth           4%         3d5*      89%         5
 Metabolic Englaciation   Hex/Ice        4%         N/A       89%         5
 Yara's Violent Unravell  Hex/Alch       4%         3d4       89%         5
 Conjure Ball Lightning   Conj/Air       8%         3x3d6     99%         6
 Disjunction              Tloc           26%        N/A       99%         8
 Bombard                  Conj/Erth      4%         9d2       100%        6
 Death Channel            Necr           4%         N/A       100%        6
 Eringya's Noxious Bog    Alch           4%         4d6       100%        6
 Sculpt Simulacrum        Ice/Alch       4%         N/A       100%        6
 Enfeeble                 Hex            4%         N/A       100%        7
 Ozocubu's Refrigeration  Ice            4%         4d8       100%        7
 Discord                  Hex            4%         N/A       100%        8
 Ignition                 Fire           4%         3d4       100%        8
 Infestation              Necr           4%         N/A       100%        8
 Lehudib's Crystal Spear  Conj/Erth      4%         10d3      100%        8
 Maxwell's Capacitive Co  Air            11%        ∞         100%        8
 Fire Storm               Conj/Fire      4%         8d1       100%        9
 Polar Vortex             Ice            4%         N/A       100%        9
 Animate Armour           Summ/Erth      Unusable   N/A       N/A         4
 Dimensional Bullseye     Hex/Tloc       Unusable   N/A       N/A         4

Dungeon Overview and Level Annotations

Branches:
Dungeon (15/15)            Temple (1/1) D:7            Lair (5/5) D:10
 Shoals (4/4) Lair:3        Snake (4/4) Lair:3        Slime (5/5) Lair:4
    Orc (2/2) D:12            Elf (3/3) Orc:2        Vaults (5/5) D:13
  Crypt (3/3) Vaults:2       Tomb (0/3) Crypt:3      Depths (4/4) D:15
    Zot (5/5) Depths:4      IceCv (visited)         Volcano (visited)
 WizLab (visited)

Altars:
Ashenzari
Cheibriados
Dithmenos
Elyvilon
Fedhas
Gozag
Hepliaklqana
Kikubaaqudgha
Makhleb
Nemelex Xobeh
Okawaru
Qazlal
Ru
Sif Muna
Trog
Uskayaw
Vehumet
Wu Jian
Xom
Yredelemnul
Zin
The Shining One
Jiyva

Shops:
D:1 (   D:2 [   Orc:2 ([*=   Elf:1 =?=?   Snake:2 [*([   Vaults:2 *
Vaults:4 ?   Vaults:5 (

Portals:
Hell: Depths:1 Depths:2 Depths:3 Depths:4
Abyss: D:3 Depths:1 Depths:3 Depths:4
Pandemonium: Depths:2 Depths:4
Ziggurat: Depths:1
Trove: Vaults:4 (show abyssal rune of Zot)

Annotations:
D:3 2 transporters, mihai's ghost, amateur GrEE
D:5 1 runed translucent door, Tizio's ghost, novice DsBe
D:9 1 runed translucent door, Valeaz's ghost, novice GnAE
D:13 exclusion: upstairs
D:15 1 runed translucent door, Waecyras's ghost, adept KoGl
Snake:2 2 transporters, Silversnout's ghost, journeyman OnFE
Elf:2 2 runed translucent doors
Crypt:1 1 runed translucent door, Esecs's ghost, veteran GrEE
Crypt:2 3 runed translucent doors, Teduw's ghost, veteran MiGl


Innate Abilities, Weirdness & Mutations

You are a fearsome dragon!
You have a powerful clawing attack.
Your giant scaled body is strong and resilient, but less evasive.
You can breathe fire.
You are flying.
Your maximum health is greatly increased.
((You have sharp claws.))
((You have razor-sharp teeth.))
You have supernaturally acute eyesight. (SInv)
((Your thick and shaggy fur keeps you warm. (AC +3, rC+)))
((Your paws help you pounce on unaware monsters.))
You are incapable of wielding weapons or throwing items.
You cannot wear armour.
You gain extra lives every three experience levels.
Your magical capacity is low. (-10% MP)


Message History

Aim: a demonspawn blood saint, wielding a +0 dagger and wearing a +0 robe (severely wounded, confused, ally target) Attack!
Your eldritch tentacle slaps the demonspawn blood saint.
Your eldritch tentacle claws the demonspawn blood saint!!
The demonspawn blood saint dies!
The Council accepts your kill.
You hear a splash. x2
What are your orders? t - Roar!
Orders for allies: a - Attack new target. r - Retreat! s - Stop attacking. g - Guard the area. f - Follow me.
Anything else - Cancel.
Gang up on whom?
Press: ? - help, Dir - move target, f - balrug
Aim: a balrug, wielding a +0 demon whip (ally target) Attack!
The balrug hits your large abomination with a +0 demon whip.
Your large abomination is engulfed in flames!!
Your large abomination hits the balrug.
Your eldritch tentacle misses the balrug.
Your eldritch tentacle closely misses the balrug.
The balrug hits your large abomination with a +0 demon whip.
Your large abomination is engulfed in flames!!
Your large abomination hits the balrug!!
Tree limbs sway around you.
Your eldritch tentacle slaps the balrug but does no damage.
Your eldritch tentacle closely misses the balrug.
The balrug hits your large abomination with a +0 demon whip.
Your large abomination is destroyed!
Your large abomination disappears in a puff of smoke!
Your large abomination hits the balrug!!
Your eldritch tentacle slaps the balrug.
The balrug falls asleep!
Your eldritch tentacle claws the balrug!!!
The balrug dies!
The Council accepts your kill.
You hear a splash.
You feel more buoyant.
You feel yourself slow down.
You have escaped!

#.# #.#......# #...
#.###.#♣####.# #...
#......♣ #.# #.##
######♣#.♣#♣♣♣##♣
###.#
#≈≈≈≈≈≈≈.≈≈≈≈≈≈≈♣
#...#
#≈≈≈≈≈.....≈≈≈≈≈#
#.###
#≈≈....~~~..~.≈≈♣ ##.#
#≈...~~~.~~~~♣~≈#♣♣..#
#≈..~~.wD~§RXX.4....##
#≈...~~│.~X~~~~≈#♣###
#≈≈....~\))~~~≈≈#
#≈≈≈≈≈...*~≈≈≈≈≈♣
#≈≈≈≈≈≈≈≈≈≈≈≈≈≈≈♣
########♣#♣♣#♣###


You could see an orange demon (distracted, ally target), a friendly tentacled
monstrosity (summoned), a friendly eldritch tentacle, a friendly dryad
(summoned) and 2 friendly large abominations.

Vanquished Creatures
  the Royal Jelly (Slime:5)
  2 ancient liches
  2 dread liches
  Khufu (Crypt:2)
  Mara (Vaults:2)
  11 orbs of fire
  4 juggernauts
  Vv (Zot:3)
  Bai Suzhen (Vaults:4)
  A royal mummy (Crypt:2)
  6 Killer Klowns
  Vashnia (Snake:3)
  2 curse toes
  2 caustic shrikes (Depths:3)
  2 bone dragons (Crypt:3)
  4 golden dragons
  Norris (Depths:1)
  A pandemonium lord (D:1)
  Jory (Vaults:5)
  5 electric golems
  19 tentacled monstrosities
  A walking crystal tome (Depths:3)
  9 liches
  An Ice Fiend (Depths:2)
  Mlioglotl (Shoals:3)
  26 Orb Guardians
  5 quicksilver dragons
  A deep elf blademaster (Elf:3)
  A walking frostbound tome (Depths:3)
  6 titans
  6 sphinxes
  15 acid blobs
  2 walking divine tomes
  8 death cobs
  3 krakens (Shoals:2)
  Agnes (Snake:4)
  16 shadow dragons
  10 ancient champions
  A revenant (Crypt:2)
  12 storm dragons
  Ilsuiw (Shoals:3)
  Donald (Shoals:2)
  Aizul (Snake:1)
  10 fire giants
  6 nagarajas (Snake:4)
  9 azure jellies
  9 tengu reavers
  5 protean progenitors
  8 rockslimes
  7 draconian monks
  6 draconian scorchers
  6 draconian shifters
  3 ghost moths
  8 draconian knights
  13 vault wardens
  9 frost giants
  4 curse skulls (Crypt:2)
  11 deep elf sorcerers
  An iron dragon (Depths:3)
  2 reapers
  A cacodemon (Depths:1)
  4 deep elf elementalists (Elf:3)
  4 ghouls (Crypt:2)
  3 demonspawn corrupters
  4 draconian stormcallers
  15 stone giants
  4 draconian annihilators
  11 quicksilver oozes
  A demonspawn blood saint (D:4)
  24 ironbound preservers
  7 ironbound thunderhulks
  4 spriggan defenders
  15 very ugly things
  5 vampire knights
  11 green draconians
  2 formless jellyfish (Slime:5)
  9 deep elf annihilators
  12 purple draconians
  3 deep elf demonologists
  6 deep elf death magi
  10 red draconians
  13 white draconians
  5 black draconians
  2 war gargoyles
  7 spark wasps
  10 yellow draconians
  7 dire elephants
  A blizzard demon (D:4)
  3 eidola
  A statue (WizLab)
  Snorg (D:13)
  12 ettins
  Josephine (Lair:3)
  8 great orbs of eyes
  5 merfolk impalers
  10 fire dragons
  5 merfolk javelineers
  10 deep elf high priests
  6 jiangshi
  2 entropy weavers
  12 yaktaur captains
  7 ice dragons
  A spriggan zombie (Crypt:2)
  37 vault guards
  A peacekeeper (Vaults:1)
  4 hell beasts
  3 salamander tyrants
  3 hydras
  4 rakshasas
  A quicksilver dragon skeleton (Crypt:1)
  5 ironbound frosthearts
  2 spriggan air magi (Depths:4)
  4 catoblepae
  3 satyrs
  A fenstrider witch skeleton (Crypt:2)
  7 merfolk aquamancers
  17 centaur warriors
  18 anacondas
  6 boulder beetles
  2 two-headed ogres (shapeshifter)
  2 ogre magi
  18 dancing weapons
  6 tengu warriors
  7 merfolk avatars
  A spriggan skeleton (Crypt:2)
  9 two-headed ogres
  5 deep troll shamans
  A sphinx skeleton (Depths:3)
  21 naga warriors
  A quicksilver ooze zombie (Crypt:1)
  8 spriggan berserkers
  5 vampire magi
  14 death yaks
  2 thrashing horrors (Abyss:4)
  2 orc high priests
  9 shock serpents
  A titan zombie (Crypt:2)
  5 hell hogs
  7 deep troll earth magi
  A demonic crawler (D:15)
  13 naga sharpshooters
  Sonja (Lair:4)
  3 spriggans (Depths:2)
  10 sun demons
  4 hell knights
  29 skeletal warriors
  A nameless horror (Vaults:2)
  2 wretched stars (Abyss:4)
  17 deep elf knights
  2 shadow wraiths (Crypt:2)
  9 salamander mystics
  6 iron trolls
  5 skysharks
  5 glowing orange brains
  6 naga ritualists
  A swamp dragon (shapeshifter) (Depths:4)
  9 mana vipers
  13 sea snakes
  9 arcanists
  7 deep elf archers
  12 lindwurms
  66 deep trolls
  6 flayed ghosts
  3 shadow demons
  A broodmother zombie (Crypt:1)
  A sun moth (shapeshifter) (Elf:3)
  6 large abominations
  11 phantasmal warriors
  8 necromancers
  3 orc knights
  31 deep elf pyromancers
  25 ironbound convokers
  37 deep elf zephyrmancers
  17 harpies
  3 orc sorcerers
  A tengu skeleton (Depths:3)
  A steelbarb worm (shapeshifter) (Depths:1)
  Maurice (D:7)
  64 ugly things
  A faun (shapeshifter) (Depths:3)
  A fire giant zombie (Vaults:1)
  5 human zombies
  9 manticores
  13 fauns
  An iron dragon zombie (Crypt:2)
  13 cyclopes
  A worldbinder (Abyss:4)
  A frost giant zombie (Vaults:3)
  12 elephants
  8 shining eyes
  14 moths of wrath
  3 ice statues (IceCv)
  A meliai (shapeshifter) (D:13)
  2 stone giant skeletons
  A jorogumo skeleton (Crypt:2)
  32 salamanders
  3 guardian serpents (Snake:4)
  An elf zombie (Vaults:2)
  3 kobold blastminers (Orc:2)
  A moth of wrath (shapeshifter) (Depths:3)
  An iron dragon skeleton (Crypt:2)
  16 merfolk sirens
  3 smoke demons
  11 water nymphs
  47 black mambas
  18 vault sentinels
  2 gargoyles
  14 naga magi
  3 eyes of devastation
  2 torpor snails
  3 kobold demonologists
  12 cane toads
  7 komodo dragons
  An unseen horror (D:11)
  A catoblepas zombie (Crypt:3)
  2 hellions
  6 freezing wraiths
  Maggie (D:7)
  2 tengu conjurers
  4 efreet
  A purple draconian zombie (Crypt:2)
  A spectral naga (Snake:2)
  37 yaktaurs
  A pale draconian skeleton (Crypt:2)
  A yaktaur (shapeshifter) (Elf:2)
  A tormentor (Depths:2)
  44 merfolk
  An ancient zyme (Abyss:4)
  An iron troll zombie (Crypt:1)
  3 trolls
  An unseen horror skeleton (Crypt:3)
  A yaktaur skeleton (Vaults:3)
  10 wind drakes
  2 polar bears
  2 harpy skeletons
  Prince Ribbit (D:7)
  Grinder (D:6)
  2 tarantellas
  A boulder beetle zombie (Crypt:3)
  3 hornets (Depths:2)
  3 dream sheep (Zot:2)
  5 glass eyes
  2 fire giant simulacra (Depths:3)
  A blink frog (shapeshifter) (Vaults:5)
  11 snapping turtles
  A frost giant simulacrum (Depths:3)
  2 human simulacra
  3 raiju (Abyss:4)
  84 slime creatures
  11 air elementals
  A ynoxinul (Depths:2)
  A dire elephant simulacrum (IceCv)
  A culicivora zombie (Crypt:3)
  A shadow (D:11)
  A deep troll skeleton (Vaults:2)
  A black mamba zombie (Crypt:3)
  40 yaks
  30 water elementals
  13 wraiths
  5 wyverns
  4 humans (D:13)
  2 death yak simulacra
  A basilisk (shapeshifter) (D:15)
  A wind drake zombie (Crypt:2)
  A fire elemental (Elf:1)
  11 golden eyes
  9 wargs
  4 basilisks
  3 chaos spawn (Depths:4)
  A redback (Vaults:1)
  An elf skeleton (Vaults:2)
  A steam dragon (D:9)
  2 harpy simulacra
  25 nagas
  A naga zombie (Crypt:2)
  3 acid dragons
  An acid dragon (shapeshifter) (Vaults:5)
  A hydra simulacrum (IceCv)
  2 hell hounds (Lair:5)
  2 naga skeletons
  22 water moccasins
  A fire bat skeleton (Crypt:2)
  13 orc warriors
  An elephant zombie (Crypt:3)
  An ice beast (D:7)
  4 black bears
  26 laughing skulls
  5 ogres
  11 wolves
  A manticore skeleton (Crypt:2)
  6 centaurs
  A phantom (D:5)
  A weeping skull (Abyss:4)
  5 kobold brigands
  A necrophage (Crypt:2)
  A cyclops zombie (Crypt:2)
  3 scorpions
  A gnoll sergeant (D:6)
  2 two-headed ogre simulacra (D:13)
  4 human skeletons (Vaults:2)
  14 bullfrogs
  11 small abominations
  4 earth elementals
  2 cane toad simulacra (IceCv)
  10 wights
  A cyclops skeleton (Crypt:1)
  A water moccasin skeleton (Crypt:1)
  An elephant simulacrum (D:13)
  A killer bee (shapeshifter) (D:15)
  A raiju zombie (Crypt:1)
  2 electric eels
  9 howler monkeys
  2 gnoll boudas
  A centaur skeleton (Crypt:1)
  2 bombardier beetles
  4 hounds
  5 jellies
  8 orc priests
  An iron imp (Abyss:4)
  16 orc wizards
  A basilisk skeleton (Crypt:2)
  6 hell rats (Lair:1)
  A boggart skeleton (Crypt:3)
  A troll simulacrum (D:13)
  A polar bear simulacrum (IceCv)
  A killer bee zombie (Crypt:1)
  3 wolf simulacra
  2 mummies (Crypt:2)
  Robin (D:2)
  15 gnolls
  A howler monkey skeleton (Crypt:2)
  A naga simulacrum (D:13)
  12 adders
  A river rat (D:2)
  A white imp (D:6)
  2 ufetubi (D:7)
  An adder skeleton (Crypt:3)
  5 dart slugs
  75 orcs
  11 ball pythons
  7 endoplasms
  2 giant cockroaches
  18 goblins
  8 hobgoblins
  27 kobolds
  3 quokkas
  6 bats
  5 frilled lizards
  A quokka skeleton (Crypt:1)
  6 rats
  5 aspiring fleshes
  4 tentacles (Shoals:2)
2420 creatures vanquished.

Vanquished Creatures (collateral kills)
  A nagaraja (Snake:4)
  A balrug (D:1)
  A demonspawn blood saint (D:1)
  A deep elf death mage (Elf:3)
  A dire elephant (Vaults:3)
  A purple draconian (WizLab)
  A yaktaur captain (Vaults:2)
  A salamander tyrant (Snake:4)
  A boulder beetle (D:15)
  A naga warrior (Snake:1)
  2 deep trolls (Vaults:3)
  2 lindwurms (Vaults:1)
  An ugly thing (D:15)
  A merfolk siren (Shoals:4)
  A vault sentinel (Vaults:3)
  3 yaktaurs
  An air elemental (Shoals:4)
21 creatures vanquished.

Vanquished Creatures (others)
  A tentacled monstrosity (Zot:1)
  A draconian knight (Zot:4)
  2 draconian scorchers
  A green draconian (Zot:2)
  A white draconian (Zot:1)
  An ogre mage (Vaults:4)
  A deep elf zephyrmancer (Elf:1)
  2 moths of wrath (Zot:1)
  A human (D:13)
  2 nagas (Snake:4)
  A lurking horror (Abyss:4)
  14 tentacles (Shoals:2)
28 creatures vanquished.

Grand Total: 2469 creatures vanquished

Notes
Turn   | Place    | Note
-------+----------+-------------------------------------------
     0 | D:1      | RepoMan the Felid Monk began the quest for the Orb.
     0 | D:1      | Reached XP level 1. HP: 12/12 MP: 2/2
   206 | D:1      | Found Con Gonyu's Distillery.
   210 | D:1      | Bought a potion of might for 56 gold pieces
   258 | D:1      | Reached XP level 2. HP: 16/16 MP: 3/3
   296 | D:1      | Found Moarr's Weapon Shop.
  1026 | D:2      | Reached XP level 3. HP: 20/20 MP: 4/4
  1067 | D:2      | Found Jiffich's Armour Boutique.
  1097 | D:2      | Noticed Robin
  1222 | D:2      | Killed Robin
  1302 | D:2      | Noticed Terence
  1303 | D:2      | Terence changed into Terence the river rat
  1303 | D:2      | Noticed Terence
  1316 | D:2      | Killed Terence the river rat
  1317 | D:2      | Reached skill level 5 in Unarmed Combat
  1317 | D:2      | Reached XP level 4. HP: 24/24 MP: 5/5
  1317 | D:2      | Gained a life (2 lives remaining)
  1451 | D:2      | Found a faded altar of an unknown god.
  1469 | D:2      | Identified the +1 leather armour of Lugonu's Condemnation
                  | {*Slow Str+5 Dex+2}
  1892 | D:3      | Reached XP level 5. HP: 19/28 MP: 2/6
  1941 | D:3      | Found a shadowy altar of Dithmenos.
  1946 | D:3      | Found a one-way gate to the infinite horrors of the Abyss.
  1946 | D:3      | Noticed mihai's ghost (amateur GrEE)
  1950 | D:3      | Noticed a small abomination
  2063 | D:3      | Found a transporter.
  2070 | D:3      | Found a transporter.
  2380 | D:1      | Bought a potion of heal wounds for 70 gold pieces
  2380 | D:1      | Bought 2 potions of curing for 84 gold pieces
  2505 | D:4      | Found a shimmering blue altar of Sif Muna.
  2671 | D:4      | Gained mutation: You are covered in thick fur. (AC +2)
                  | [Felid growth]
  2671 | D:4      | Reached XP level 6. HP: 30/32 MP: 7/7
  2861 | D:4      | Identified the +0 leather armour of a bailey {Int+5 Dex+4}
  3025 | D:4      | Found a blossoming altar of Fedhas.
  3421 | D:5      | Entered Level 5 of the Dungeon
  3466 | D:5      | Found a runed translucent door.
  3499 | D:5      | Found an ornate altar of the Wu Jian Council.
  3523 | D:5      | Reached XP level 7. HP: 32/36 MP: 6/8
  3545 | D:5      | Became a worshipper of the Wu Jian Council
  3545 | D:5      | Reached * piety under Wu Jian
  3545 | D:5      | Reached ** piety under Wu Jian
  3896 | D:5      | Reached skill level 1 in Stealth
  4076 | D:5      | Noticed Tizio's ghost (novice DsBe)
  4500 | D:6      | Noticed Grinder
  4514 | D:6      | Killed Grinder
  4515 | D:6      | Reached XP level 8. HP: 38/42 MP: 7/9
  4632 | D:6      | Reached skill level 5 in Dodging
  5026 | D:6      | Reached skill level 10 in Unarmed Combat
  5043 | D:6      | Reached *** piety under Wu Jian
  5203 | D:6      | Found a bloodstained altar of Trog.
  5448 | D:7      | Noticed Maurice
  5460 | D:7      | Killed Maurice
  5461 | D:7      | Reached skill level 5 in Fighting
  5461 | D:7      | Reached XP level 9. HP: 47/47 MP: 10/10
  5538 | D:7      | Noticed Maggie
  5688 | D:7      | Noticed Prince Ribbit
  5701 | D:7      | Killed Prince Ribbit
  6043 | D:7      | Killed Maggie
  6051 | D:7      | Found a staircase to the Ecumenical Temple.
  6060 | Temple   | Entered the Ecumenical Temple
  6110 | D:8      | Noticed a boulder beetle
  6111 | D:8      | Killed a boulder beetle
  6111 | D:8      | Reached XP level 10. HP: 53/53 MP: 11/11
  6763 | D:9      | Noticed a two-headed ogre
  6770 | D:9      | Killed a two-headed ogre
  6920 | D:9      | Reached **** piety under Wu Jian
  6935 | D:9      | Found a runed translucent door.
  6936 | D:9      | Found a shimmering altar of Xom.
  6936 | D:9      | Noticed a +2 flail of chaos
  6936 | D:9      | Noticed Valeaz's ghost (novice GnAE)
  7048 | D:9      | Identified the amulet of the Establishment {Reflect Int+3
                  | SH+5}
  7066 | D:9      | Learned a level 2 spell: Lesser Beckoning
  7221 | D:9      | Reached skill level 1 in Translocations
  7248 | D:9      | Reached skill level 1 in Spellcasting
  7255 | D:9      | Reached skill level 10 in Dodging
  7880 | D:10     | Entered Level 10 of the Dungeon
  8070 | D:10     | Found a radiant altar of Vehumet.
  8071 | D:10     | Identified the +0 ring mail of Patience {Harm rC+}
  8263 | D:10     | Reached XP level 11. HP: 60/60 MP: 13/13
  8264 | D:10     | Found a sacrificial altar of Ru.
  8271 | D:10     | Found a staircase to the Lair.
  9043 | D:10     | Noticed a two-headed ogre
  9044 | D:10     | Killed a two-headed ogre
  9212 | Lair:1   | Entered Level 1 of the Lair of Beasts
  9953 | Lair:1   | Identified the +5 morningstar of Zin's Supremacy {freeze,
                  | rCorr Dex+3}
 10339 | Lair:2   | Reached skill level 5 in Stealth
 10469 | Lair:2   | Noticed a death yak
 10706 | Lair:2   | Reached skill level 1 in Shapeshifting
 10990 | Lair:2   | Gained mutation: Your thick and shaggy fur keeps you warm.
                  | (AC +3, rC+) [Felid growth]
 10990 | Lair:2   | Reached XP level 12. HP: 37/65 MP: 14/14
 11166 | Lair:2   | Noticed a death yak
 11659 | Lair:3   | Noticed Josephine
 11683 | Lair:3   | Killed Josephine
 12053 | Lair:3   | Reached skill level 5 in Shapeshifting
 12241 | Lair:3   | Found a staircase to the Shoals.
 12995 | Lair:3   | Found a staircase to the Snake Pit.
 13288 | Lair:3   | Noticed a death yak
 13295 | Lair:3   | Noticed an eight-headed hydra
 13371 | Lair:3   | Noticed a death yak
 13390 | Lair:3   | Killed a death yak
 13617 | Lair:3   | Noticed a death yak
 13620 | Lair:3   | Noticed a death yak
 13636 | Lair:3   | Killed a death yak
 13646 | Lair:3   | Noticed a death yak
 13666 | Lair:3   | Killed a death yak
 13672 | Lair:3   | Killed a death yak
 13832 | Lair:3   | Found the amulet of the Four Winds {rN+ Will+++ Clar}
 13907 | Lair:3   | Killed an eight-headed hydra
 14335 | Lair:4   | Killed a death yak
 14576 | Lair:4   | Found a viscous altar of Jiyva.
 14576 | Lair:4   | Found a staircase to the Slime Pits.
 14647 | Lair:4   | Noticed Sonja
 14669 | Lair:4   | Reached XP level 13. HP: 43/70 MP: 15/15
 14752 | Lair:4   | Killed Sonja
 15203 | Lair:5   | Entered Level 5 of the Lair of Beasts
 15323 | Lair:5   | Found a dark tunnel.
 15426 | Volcano  | Entered a volcano
 15672 | Volcano  | Found a burning altar of Makhleb.
 15785 | Volcano  | Reached skill level 15 in Unarmed Combat
 16335 | Lair:5   | Reached skill level 10 in Shapeshifting
 17961 | Lair:3   | Reached skill level 10 in Fighting
 18046 | Lair:3   | Reached XP level 14. HP: 40/77 MP: 16/16
 18747 | D:11     | You fall into a shaft and drop 1 floor!
 18829 | D:11     | Learned a level 1 spell: Apportation
 19082 | D:12     | Found a staircase to the Orcish Mines.
 19696 | Orc:1    | Entered Level 1 of the Orcish Mines
 19773 | Orc:1    | You fall into a shaft and drop 1 floor!
 19773 | Orc:2    | Entered Level 2 of the Orcish Mines
 19773 | Orc:2    | Found Jirank's Antique Weapon Shop.
 19914 | Orc:2    | Found Bidaul's Weapon Shop.
 20048 | Orc:1    | Reached ***** piety under Wu Jian
 20381 | Orc:2    | Found a staircase to the Elven Halls.
 20438 | Orc:2    | Found Ickim's Antique Armour Shoppe.
 20438 | Orc:2    | Noticed a stone giant
 20450 | Orc:2    | Killed a stone giant
 20659 | Orc:2    | Found Zecoc's Jewellery Shoppe.
 20931 | Orc:2    | Found Dugicadd's General Store.
 21186 | Orc:2    | Bought a scroll of teleportation for 36 gold pieces
 21186 | Orc:2    | Bought a wand of iceblast (8) for 230 gold pieces
 21186 | Orc:2    | Bought a book of Minor Magic for 192 gold pieces
 21189 | Orc:2    | Learned a level 2 spell: Blink
 21668 | D:1      | Bought a potion of attraction for 42 gold pieces
 21668 | D:1      | Bought a potion of haste for 140 gold pieces
 21668 | D:1      | Bought a potion of haste for 140 gold pieces
 21668 | D:1      | Bought a potion of haste for 140 gold pieces
 21668 | D:1      | Bought a potion of enlightenment for 70 gold pieces
 21668 | D:1      | Bought a potion of might for 56 gold pieces
 21668 | D:1      | Bought a potion of might for 56 gold pieces
 22021 | D:13     | Found a frozen archway.
 22450 | D:13     | Mangled by a skeletal warrior
 22450 | D:13     | Lost a life (1 life remaining)
 22465 | D:13     | Reached skill level 5 in Translocations
 22475 | IceCv    | Entered an ice cave
 22944 | IceCv    | Identified the +3 scimitar of Generosity {venom, Int+3
                  | Stlth-}
 23406 | D:13     | Noticed Snorg
 23412 | D:13     | Killed Snorg
 23792 | D:13     | Reached XP level 15. HP: 81/81 MP: 19/19
 23792 | D:13     | Gained a life (2 lives remaining)
 24149 | D:13     | Noticed a frost giant
 24160 | D:13     | Killed a frost giant
 24360 | D:13     | Identified the amulet of Hebiniom {Spirit *Slow rC+ rN+
                  | Str+3}
 25133 | D:13     | Found a gate to the Vaults.
 25523 | D:14     | Identified the +4 morningstar of Nugamai {flame, SInv}
 26146 | D:14     | Got the Tome of Fumes
 26401 | D:15     | Entered Level 15 of the Dungeon
 26778 | D:15     | Found a staircase to the Depths.
 28484 | D:15     | Reached skill level 15 in Dodging
 28662 | D:15     | Found a runed translucent door.
 28662 | D:15     | Noticed Waecyras's ghost (adept KoGl)
 29018 | Shoals:1 | Entered Level 1 of the Shoals
 29032 | Shoals:1 | Reached XP level 16. HP: 88/88 MP: 20/20
 29615 | Shoals:1 | Reached skill level 10 in Stealth
 31114 | Shoals:2 | Learned a level 1 spell: Summon Small Mammal
 31211 | Shoals:2 | Reached skill level 1 in Summonings
 31328 | Shoals:2 | Noticed a kraken
 31331 | Shoals:2 | Noticed a kraken
 31333 | Shoals:2 | Killed a kraken
 31589 | Shoals:2 | Noticed Donald
 31632 | Shoals:2 | Killed Donald
 31662 | Shoals:2 | Learned a level 3 spell: Summon Ice Beast
 32450 | Shoals:2 | Noticed a kraken
 32456 | Shoals:2 | Killed a kraken
 32519 | Abyss:4  | Cast into level 4 of the Abyss (merfolk aquamancer)
 32627 | Abyss:4  | Noticed an Executioner
 32860 | Abyss:4  | Noticed a tentacled starspawn
 32866 | Abyss:4  | Found a corrupted altar of Lugonu.
 32869 | Abyss:4  | Found a corrupted altar of Lugonu.
 32869 | Abyss:4  | Found a corrupted altar of Lugonu.
 32882 | Abyss:4  | Noticed a lich
 32903 | Abyss:4  | Killed a lich
 32912 | Abyss:4  | Found a corrupted altar of Lugonu.
 32941 | Abyss:4  | Noticed a tentacled monstrosity
 33003 | Abyss:4  | Reached skill level 5 in Summonings
 33038 | Abyss:4  | Noticed a bone dragon
 33040 | Shoals:2 | Escaped the Abyss
 33120 | Shoals:2 | Noticed a kraken
 33126 | Shoals:2 | Slain by a kraken
 33126 | Shoals:2 | Lost a life (1 life remaining)
 33212 | Shoals:2 | Learned a level 3 spell: Call Canine Familiar
 33395 | Shoals:2 | Killed a kraken
 33966 | Shoals:3 | Noticed Ilsuiw
 33999 | Shoals:3 | Killed Ilsuiw
 34000 | Shoals:3 | Reached XP level 17. HP: 93/93 MP: 21/21
 34000 | Shoals:3 | Gained a life (2 lives remaining)
 34064 | Shoals:3 | Noticed Mlioglotl
 34074 | Shoals:3 | Killed Mlioglotl
 34871 | Shoals:3 | Learned a level 5 spell: Summon Forest
 34985 | Shoals:4 | Entered Level 4 of the Shoals
 35101 | Snake:1  | Entered Level 1 of the Snake Pit
 37137 | Snake:1  | Identified the serpent talisman of the Spheres {+Blink
                  | Int+3 Dex+2 Stlth+}
 37137 | Snake:1  | Noticed Aizul
 37149 | Snake:1  | Killed Aizul
 37629 | Snake:2  | Noticed Silversnout's ghost (journeyman OnFE)
 37630 | Snake:2  | Found a transporter.
 38647 | Snake:2  | Learned a level 4 spell: Martyr's Knell
 39293 | Snake:2  | Found Eceduoqu's Assorted Antiques.
 39294 | Snake:2  | Found Egarr's Antique Armour Shop.
 39305 | Snake:2  | Found Oneinao's Armour Emporium.
 39305 | Snake:2  | Found Emnyriu's Weapon Shop.
 39327 | Snake:2  | Bought a scroll of identify for 78 gold pieces
 39327 | Snake:2  | Bought a phial of floods for 1560 gold pieces
 39327 | Snake:2  | Bought a smoking carnelian ring for 195 gold pieces
 39327 | Snake:2  | Identified the ring of Iloingul {rCorr Dex+4} (You bought
                  | it in a shop on level 2 of the Snake Pit)
 39327 | Snake:2  | Bought a smoky golden potion for 35 gold pieces
 39425 | Snake:2  | Found a transporter.
 39605 | Snake:3  | Reached skill level 5 in Spellcasting
 40458 | Snake:3  | Reached skill level 10 in Summonings
 40579 | Snake:3  | Noticed Vashnia
 40590 | Snake:3  | Reached XP level 18. HP: 96/98 MP: 27/27
 40695 | Snake:3  | Killed Vashnia
 41226 | Snake:3  | Identified the +5 war axe of the Shallot {antimagic, Int+8}
 41413 | Snake:4  | Entered Level 4 of the Snake Pit
 41414 | Snake:4  | Noticed Agnes
 41419 | Snake:4  | Killed Agnes
 44857 | Snake:4  | Got a serpentine rune of Zot
 45166 | Snake:2  | Bought a potion of curing for 117 gold pieces
 45277 | Shoals:3 | Learned a level 7 spell: Summon Hydra
 45469 | Shoals:4 | Paralysed by an air elemental for 1 turns
 45859 | Shoals:4 | Paralysed by an air elemental for 1 turns
 45866 | Shoals:4 | Paralysed by an air elemental for 1 turns
 46321 | Shoals:4 | Paralysed by an air elemental for 1 turns
 46582 | Shoals:4 | Identified the +3 flail "Killer Klown's Curse" {protect,
                  | Will+ Str+3}
 46733 | Shoals:4 | Paralysed by an air elemental for 1 turns
 47029 | Shoals:4 | Reached XP level 19. HP: 103/103 MP: 19/29
 47238 | Shoals:4 | Killed from afar by a water nymph
 47238 | Shoals:4 | Lost a life (1 life remaining)
 47492 | Elf:1    | Entered Level 1 of the Elven Halls
 47696 | Elf:1    | Found a radiant altar of Vehumet.
 47908 | Elf:1    | Found Ipippyim's Magic Scroll Boutique.
 48114 | Elf:1    | Bought a scroll of identify for 30 gold pieces
 48114 | Elf:1    | Bought a scroll of blinking for 112 gold pieces
 48114 | Elf:1    | Bought a scroll of butterflies for 60 gold pieces
 48114 | Elf:1    | Bought a scroll of fear for 60 gold pieces
 48114 | Elf:1    | Bought a scroll of teleportation for 45 gold pieces
 48173 | Elf:1    | Found Goaf's Jewellery Emporium.
 48422 | Elf:1    | Reached skill level 15 in Shapeshifting
 48467 | Elf:1    | Found Zuej Tidefyu's Jewellery Shoppe.
 48475 | Elf:1    | Found Ilesiah's Magic Scroll Shop.
 48552 | Elf:1    | Bought a scroll of identify for 36 gold pieces
 49133 | Elf:2    | Paralysed by an air elemental for 1 turns
 49241 | Elf:2    | Found a runed translucent door.
 49271 | Elf:2    | Found a runed translucent door.
 49606 | Elf:2    | Paralysed by an air elemental for 1 turns
 49608 | Elf:2    | Reached ****** piety under Wu Jian
 49804 | Elf:2    | Paralysed by an air elemental for 1 turns
 49809 | Elf:1    | Paralysed by an air elemental for 1 turns
 50323 | Elf:3    | Entered Level 3 of the Elven Halls
 50814 | Elf:3    | Identified the +0 pair of gloves of Hedging {*Slow rElec
                  | Str+5}
 51273 | Elf:3    | Reached XP level 20. HP: 71/111 MP: 30/30
 51273 | Elf:3    | Gained a life (2 lives remaining)
 51661 | Elf:3    | Paralysed by an air elemental for 1 turns
 51708 | Elf:3    | Identified the +1 battleaxe of the Holding Big Fish
                  | {freeze, ^Drain rF+ MP+9}
 51715 | Elf:3    | HP: 4/127 [deep elf sorcerer/bolt of acid (27)]
 51724 | Elf:3    | HP: 5/130 [deep elf death mage/+0 rapier (6)]
 51728 | Elf:3    | Reached skill level 15 in Summonings
 52197 | Elf:3    | Identified the +4 great mace of Danofol {freeze, Int+4}
 52204 | Elf:3    | Got the Elucidation of Lethal Bolts
 52212 | Elf:3    | Identified the ring "Ecat" {EV+5 Str+4 Int-3 Dex+2}
 52252 | Elf:3    | Identified the +2 helmet of Wu Jian's Delight {Harm rC+
                  | Slay+3}
 52256 | Elf:3    | Identified the +11 arbalest of Desertification {freeze,
                  | Will+ Stlth+}
 52261 | Elf:3    | Identified the staff of the Contumacious God {+Blink rF+
                  | Int-2 Dex+2 Fire}
 52272 | Elf:3    | Identified the +3 orcbow of Jesood {speed, Int+2 SInv}
 52275 | Elf:3    | Identified the +2 helmet of Recklessness {rF+ Slay+2}
 52565 | Vaults:1 | Entered Level 1 of the Vaults
 57652 | Vaults:2 | Found a staircase to the Crypt.
 58182 | Vaults:2 | Reached XP level 21. HP: 69/116 MP: 15/31
 58324 | Vaults:2 | Noticed Mara
 58331 | Vaults:2 | Noticed RepoMan's illusion
 58338 | Vaults:2 | Killed Mara
 58493 | Vaults:2 | Reached skill level 15 in Fighting
 58970 | Vaults:2 | Found Foczaz's Assorted Antiques.
 61778 | Vaults:4 | Found a magical portal.
 61787 | WizLab   | Entered Iskenderun's Mystic Tower
 62490 | Vaults:4 | Got the Enchiridion on the Birds
 62810 | Elf:1    | Bought a dragon-blood talisman for 1140 gold pieces
 62869 | Elf:1    | Bought a scroll of teleportation for 54 gold pieces
 63270 | Vaults:4 | Noticed Bai Suzhen
 63272 | Vaults:4 | Killed Bai Suzhen
 63441 | Vaults:4 | Found a portal to a secret trove of treasure.
 63575 | Vaults:4 | Reached XP level 22. HP: 123/123 MP: 32/32
 63743 | Vaults:4 | Found Vyes's Magic Scroll Shoppe.
 63756 | Vaults:4 | Bought a scroll of fear for 52 gold pieces
 63756 | Vaults:4 | Bought a scroll of fog for 52 gold pieces
 63879 | Crypt:1  | Entered Level 1 of the Crypt
 64337 | Crypt:1  | Found a runed translucent door.
 64338 | Crypt:1  | Noticed Esecs's ghost (veteran GrEE)
 64830 | Crypt:1  | Identified a scroll of acquirement
 64839 | Crypt:1  | Acquired a manual of Summonings
 65016 | Crypt:2  | Noticed Teduw's ghost (veteran MiGl)
 65020 | Crypt:2  | Found a runed translucent gate.
 65020 | Crypt:2  | Found a runed translucent gate.
 65020 | Crypt:2  | Found a runed translucent gate.
 65022 | Crypt:2  | Found the +11 Singing Sword {sonic wave}
 65505 | Crypt:2  | Noticed a royal mummy
 65519 | Crypt:2  | Killed a royal mummy
 65746 | Crypt:2  | Noticed Khufu
 65760 | Crypt:2  | Killed Khufu
 66487 | Crypt:3  | Entered Level 3 of the Crypt
 66510 | Crypt:3  | Found a staircase to the Tomb.
 67444 | Crypt:3  | Noticed a dread lich
 67457 | Crypt:3  | Killed a dread lich
 67499 | Crypt:3  | Identified the +1 lajatang of the Sea {drain, Will+}
 67502 | Crypt:3  | Identified the +1 rapier of Neleewon {flame, ^Fragile Fly
                  | rN+}
 68349 | Shoals:4 | Got a barnacled rune of Zot
 68354 | Shoals:4 | Identified the staff "Beastbane" {rF+ Hexes Fire}
 68715 | Depths:1 | Entered Level 1 of the Depths
 69018 | Depths:1 | Found a gateway to Hell.
 69101 | Depths:1 | Noticed Norris
 69108 | Depths:1 | Killed Norris
 69262 | Depths:1 | Found a one-way gateway to a ziggurat.
 69381 | Depths:1 | Reached XP level 23. HP: 130/130 MP: 33/33
 69528 | Depths:1 | Found a bloodstained altar of Trog.
 69950 | Depths:2 | Noticed a juggernaut
 70746 | Depths:2 | Killed a juggernaut
 71789 | Depths:2 | Gained mutation: You are dopey. (Int -2) [a shining eye]
 71792 | Depths:2 | Gained mutation: Your health recovers twice as slowly from
                  | being drained. [a shining eye]
 72471 | Depths:2 | Found a one-way gate leading to the halls of Pandemonium.
 72635 | Depths:3 | Acquired a Grand Grimoire
 72741 | Depths:3 | Noticed an ancient lich
 72757 | Depths:3 | You are sucked into a shaft and drop 1 floor!
 72757 | Depths:4 | Entered Level 4 of the Depths
 73666 | Depths:3 | Noticed a caustic shrike
 74157 | Depths:3 | Noticed a caustic shrike
 74160 | Depths:3 | Killed a caustic shrike
 74178 | Depths:3 | Reached XP level 24. HP: 130/132 MP: 33/33
 74426 | Depths:3 | Noticed a juggernaut
 74435 | Depths:3 | Noticed a juggernaut
 74440 | Depths:3 | Killed a juggernaut
 74445 | Depths:3 | Killed a juggernaut
 74468 | Depths:3 | Noticed a juggernaut
 74962 | Depths:3 | Killed a juggernaut
 74967 | Depths:3 | Killed an ancient lich
 75073 | Depths:3 | Identified the +5 scale mail of Pouxala {*Slow rElec rF++
                  | rCorr}
 75089 | Depths:3 | Identified the +4 scale mail "Mycuuh" {SInv}
 75799 | Depths:4 | Found a gate to the Realm of Zot.
 76180 | Depths:4 | Learned a level 4 spell: Vhi's Electric Charge
 76191 | Depths:4 | Learned a level 8 spell: Summon Horrible Things
 76640 | Slime:1  | Entered Level 1 of the Pits of Slime
 76781 | Slime:2  | Reached skill level 1 in Air Magic
 76898 | Slime:5  | Entered Level 5 of the Pits of Slime
 76963 | Slime:5  | Noticed the Royal Jelly
 77393 | Slime:5  | Killed the Royal Jelly
 77527 | Slime:5  | Found the +8 pair of quick blades "Gyre" and "Gimble"
                  | {protect}
 77530 | Slime:5  | Got the Guidebook on Foggy Terrain
 77557 | Slime:5  | Identified the amulet "Suvyir" {*Corrode +Blink +Inv
                  | Will+++ Regen+}
 77619 | Slime:5  | Identified the scarf "Ungiq" {repulsion, Fly Will+++ Int+4
                  | Dex-3}
 77672 | Slime:5  | Identified the +1 helmet of the Catamount {Regen+}
 77678 | Slime:5  | Identified the +1 morningstar "Unekaimm" {protect, *Slow
                  | rPois Int+2}
 77682 | Slime:5  | Identified the ring "Wyereveg" {MP+9 Str+3}
 77734 | Slime:5  | Identified the +0 buckler of the Moon {rF+ Int+2 Dex+3
                  | Stlth-}
 77760 | Slime:5  | Got a slimy rune of Zot
 78367 | Zot:1    | Entered Level 1 of the Realm of Zot
 79394 | Zot:1    | Noticed an orb of fire
 79830 | Zot:2    | Reached XP level 25. HP: 143/143 MP: 34/34
 80824 | Zot:3    | Reached skill level 10 in Translocations
 81360 | Zot:3    | Noticed Vv
 81363 | Zot:3    | Killed Vv
 82144 | Zot:4    | Learned a level 4 spell: Manifold Assault
 82151 | Zot:4    | Noticed a Killer Klown
 82159 | Zot:4    | Killed a Killer Klown
 82421 | Zot:4    | Noticed an orb of fire
 82423 | Zot:4    | Killed an orb of fire
 82919 | Zot:4    | Identified the +9 dagger "Oserhoimp" {heavy, Will++ Int+4}
 83561 | Vaults:5 | Entered Level 5 of the Vaults
 83579 | Vaults:5 | Reached XP level 26. HP: 150/150 MP: 37/37
 83598 | Vaults:5 | Noticed Jory
 83604 | Vaults:5 | Noticed an ancient lich
 83606 | Vaults:5 | Killed an ancient lich
 83607 | Vaults:5 | Killed Jory
 83610 | Vaults:5 | Noticed a dread lich
 83628 | Vaults:5 | Killed a dread lich
 83887 | Vaults:5 | Identified the ring "Xapiashra" {rElec rF+++ rC+ MP-9
                  | Dex+6}
 83906 | Vaults:5 | Got the Atlas of the Enchanting Quarry
 83909 | Vaults:5 | Identified the staff of the Six Tables {rElec rN+ Dex+2
                  | Stlth+ Air}
 84418 | Vaults:5 | Found Feuwoi's Antique Weapon Shoppe.
 84642 | Vaults:5 | Got a silver rune of Zot
 84702 | Vaults:5 | Found the +3 warlock's mirror {omnireflect}
 84758 | Vaults:5 | Identified the +0 hand axe of Conformity {protect, rCorr
                  | Int+4}
 85082 | Vaults:2 | Bought a scroll of teleportation for 93 gold pieces
 85082 | Vaults:2 | Bought a potion of brilliance for 124 gold pieces
 85082 | Vaults:2 | Bought a scroll of silence for 294 gold pieces
 85082 | Vaults:2 | Bought a wand of light (4) for 520 gold pieces
 85330 | Elf:1    | Bought the ring "Zemaekk" {rF+ rC+ Will+ Int+5} for 1073
                  | gold pieces
 85363 | Elf:1    | Bought a scroll of vulnerability for 60 gold pieces
 85427 | Elf:1    | Bought a scroll of immolation for 72 gold pieces
 85427 | Elf:1    | Bought a scroll of immolation for 72 gold pieces
 85427 | Elf:1    | Bought a scroll of fear for 72 gold pieces
 85427 | Elf:1    | Bought a scroll of revelation for 135 gold pieces
 85427 | Elf:1    | Bought a scroll of fog for 72 gold pieces
 85427 | Elf:1    | Bought a scroll of silence for 171 gold pieces
 85907 | Zot:5    | Entered Level 5 of the Realm of Zot
 86148 | Zot:5    | Learned a level 7 spell: Malign Gateway
 86351 | Zot:5    | Noticed an orb of fire
 86354 | Zot:5    | Killed an orb of fire
 86416 | Zot:5    | Noticed an orb of fire
 86427 | Zot:5    | Gained mutation: Your spells are a little easier to cast,
                  | but a little less powerful. [an orb of fire]
 86429 | Zot:5    | Killed an orb of fire
 86439 | Zot:5    | Noticed an orb of fire
 86441 | Zot:5    | Noticed an orb of fire
 86449 | Zot:5    | Noticed an orb of fire
 86451 | Zot:5    | Killed an orb of fire
 86452 | Zot:5    | Killed an orb of fire
 86456 | Zot:5    | Noticed an orb of fire
 86456 | Zot:5    | Gained mutation: You are weak. (Str -2) [an orb of fire]
 86460 | Zot:5    | Noticed an orb of fire
 86460 | Zot:5    | Noticed an orb of fire
 86460 | Zot:5    | Noticed an orb of fire
 86461 | Zot:5    | Killed an orb of fire
 86464 | Zot:5    | Gained mutation: You have hidden genetic defects. [an orb
                  | of fire]
 86469 | Zot:5    | Killed an orb of fire
 86470 | Zot:5    | Noticed an orb of fire
 86472 | Zot:5    | Killed an orb of fire
 86474 | Zot:5    | Gained mutation: Your body sometimes deteriorates upon
                  | taking damage. [an orb of fire]
 86478 | Zot:5    | Killed an orb of fire
 86479 | Zot:5    | Reached XP level 27. HP: 147/156 MP: 28/37
 86479 | Zot:5    | Killed an orb of fire
 86480 | Zot:5    | Killed an orb of fire
 86520 | Zot:5    | Gained mutation: Your magical capacity is low. (-10% MP)
                  | [hidden defects]
 86886 | Zot:5    | Got the Orb of Zot
 87286 | D:15     | Lost mutation: You are dopey. (Int -2) [potion of mutation]
 87286 | D:15     | Lost mutation: Your health recovers twice as slowly from
                  | being drained. [potion of mutation]
 87286 | D:15     | Gained mutation: Your health recovers twice as slowly from
                  | being drained. [potion of mutation]
 87286 | D:15     | Lost mutation: Your spells are a little easier to cast, but
                  | a little less powerful. [potion of mutation]
 87287 | D:15     | Lost mutation: Your body sometimes deteriorates upon taking
                  | damage. [potion of mutation]
 87287 | D:15     | Lost mutation: You are weak. (Str -2) [potion of mutation]
 87287 | D:15     | Gained mutation: Your body sometimes deteriorates upon
                  | taking damage. [potion of mutation]
 87287 | D:15     | Gained mutation: A frigid envelope surrounds you and
                  | freezes all who hurt you. [potion of mutation]
 87288 | D:15     | Lost mutation: Your body sometimes deteriorates upon taking
                  | damage. [potion of mutation]
 87288 | D:15     | Lost mutation: A frigid envelope surrounds you and freezes
                  | all who hurt you. [potion of mutation]
 87288 | D:15     | Lost mutation: Your health recovers twice as slowly from
                  | being drained. [potion of mutation]
 87288 | D:15     | Lost mutation: You have hidden genetic defects. [potion of
                  | mutation]
 87356 | D:12     | Noticed Tethrysch the pandemonium lord
 87479 | D:9      | Noticed Bic Ocyx the pandemonium lord
 87671 | D:1      | Noticed Qiunwih the pandemonium lord
 87673 | D:1      | Killed Qiunwih the pandemonium lord
 87703 | D:1      | Noticed Lauziwiu the pandemonium lord
 87740 | D:$      | Escaped with the Orb!

Illustrated notes

Levels and vault maps discovered:
D:1:      dpeg_arrival_shrine, layout_basic, serial_shops,
          nicolae_shop_window_shopping, shop
D:2:      layout_basic, serial_shops, shop, basic_ecumenical_altar,
          minmay_tromino_v2, uniq_robin, uniq_terence
D:3:      layout_basic, old_standard_altar, gammafunk_ghost_abyssal_escape
D:4:      layout_basic, mainiacjoe_overflow_alcove_2,
          nicolae_overflow_crystal_walls, grunt_ministairs_5
D:5:      layout_cave_pods, old_standard_altar, gammafunk_ghost_grave,
          guppyfry_early_lair_pool
D:6:      layout_loops_ring, mainiacjoe_overflow_alcove_4, uniq_grinder
D:7:      layout_cave_pools, minmay_temple_entry_gardened_gates, uniq_maurice,
          uniq_prince_ribbit1, uniq_maggie
D:8:      layout_rooms
D:9:      layout_stronghold, ebering_ghost_xom
D:10:     layout_gridville, hangedman_ru_absence, fiery_altar_vehumet,
          david_lair_generic, dk_noncrumbling_2, minmay_misc_feat_plants
D:11:     layout_loops_cross
D:12:     layout_layer_cave, orc_0_dummy, hangedman_abyss_or_decor_stagger,
          item_on_display_a
D:13:     minmay_two_paths, layout_loops_ring, ximxim_vaults_locker_room,
          portal_ice_cave_entry_ice_simulacra, uniq_snorg
D:14:     layout_irregular_city, minivault_11
D:15:     grunt_enter_depths_snipers, layout_basic,
          ebering_ghost_reflecting_pool, minivault_26, serial_bayou_lake_a
Temple:   bh_familiar_temple
Lair:1:   layout_cellular_growth, st_stairs_11, infiniplex_staircase_pool
Lair:2:   layout_loops_ring, serial_bayou_lagoon_b, grunt_megastairs_4
Lair:3:   layout_loops_ring, mainiacjoe_shoals_entry_four_pools,
          minmay_snake_entry_guardpost_medium, grunt_forest_small_clearings,
          uniq_josephine
Lair:4:   layout_hall_layers, dpeg_slime_entry_corner,
          chequers_serial_rivers_large_a, roderic_batcave, uniq_sonja
Lair:5:   evilmike_catoblepas_cave, layout_concentric_octagons, enter_volcano_3,
          lemuel_fruit_tree
Shoals:1: layout_shoals, nicolae_shoals_arrival_archipelago
Shoals:2: nicolae_shoals_lighthouse, layout_shoals, uniq_donald
Shoals:3: layout_shoals, uniq_ilsuiw, uniq_mlioglotl
Shoals:4: shoals_end_hellmonk_storm_palace [storm_palace_center_circular,
          storm_palace_corner_reverse_hut, storm_palace_corner_narrow,
          storm_palace_corner_narrow, storm_palace_corner_narrow]
Snake:1:  layout_gridlike, eino_curves_02, uniq_aizul
Snake:2:  layout_gridlike, gammafunk_ghost_arena, nicolae_wooded_promenade,
          nicolae_snake_ghostly_warrior_ritual, serial_bayou_shore_a
Snake:3:  layout_onion, grunt_megastairs_2, uniq_vashnia
Snake:4:  grunt_snake_rune_serpentine_throne, layout_cave_town,
          guppyfry_snake_island, uniq_agnes
Slime:1:  layout_caves, nicolae_slime_barrier, nicolae_slime_phagocytosis
Slime:2:  layout_caves
Slime:3:  layout_caves, cheibrodos_slime_lost_civilization_7
Slime:4:  layout_caves
Slime:5:  slime_pit_nicolae_inversion
Orc:1:    layout_caves, lightli_orcish_oven
Orc:2:    grunt_orc_gardens, layout_caves, grunt_orc_garden, grunt_orc_garden,
          grunt_orc_garden, grunt_orc_garden, serial_shops,
          nicolae_shop_tiny_glass
Elf:1:    eino_elf_arrival_altar, layout_gridlike, serial_shops,
          nicolae_shop_gibbet_a_chance, shop, shop, shop,
          hangedman_elven_crosses_minicolossus
Elf:2:    elven_hall_of_blades_hangedman_original
          [nicolae_blade_entry_splitting_headache], layout_gridlike,
          elves_outpost_lemuel
Elf:3:    minmay_elf_hall_four_x, layout_rooms, kennysheep_underground_church
Vaults:1: v_misc_9, nicolae_vaults_prndl, nicolae_vaults_arrows,
          ontoclasm_vaults_gateway, hangedman_vaults_pinch, v_rooms_1,
          nicolae_vaults_door_testing_chamber, ontoclasm_vaults_eye,
          nicolae_vaults_double_plus_2, nicolae_vaults_house_3,
          vaults_dpeg_hooks, nicolae_vaults_tetromino_T_1,
          layout_vaults_omnicross
Vaults:2: hangedman_vaults_slice, nicolae_vaults_closet_pinwheel_6,
          nicolae_vaults_offset_grid_hallway_1, hangedman_vaults_cutoff,
          minmay_crypt_entry_skeletal_spiral, vaults_standard_mumra_lines,
          hangedman_vaults_capsules, nicolae_vaults_apartment_2,
          nicolae_vaults_three_branches, vaults_room_hallway,
          nicolae_vaults_trapezoid_lopsided_4, layout_vaults_chaotic_city,
          serial_shops, nicolae_shop_just_a_little_nook, uniq_margery, uniq_mara
Vaults:3: vaults_dpeg_doors, grunt_vaults_twisty, vaults_dpeg_cross,
          ontoclasm_vaults_ligature, hangedman_vaults_variations,
          vaults_mumra_hexcomb, hangedman_vaults_stream, v_misc_22,
          nicolae_vaults_network_square, vaults_mumra_lcd,
          nicolae_vaults_octothorpe, vaults_standard_mumra_x,
          ontoclasm_vaults_twist, layout_vaults_ring
Vaults:4: mu_enter_wizlab_6, hangedman_vaults_cutoff,
          nicolae_vaults_library_corner, v_pattern_1, nicolae_vaults_prndl,
          nicolae_vaults_wrenched, nicolae_vaults_gold_heap,
          layout_vaults_omnigrid, serial_shops, shop,
          nicolae_trove_entry_columns, uniq_bai_suzhen
Vaults:5: uniq_jory
Crypt:1:  layout_chaotic_city, gammafunk_ghost_grave, grunt_crypt_arrival_webbed
Crypt:2:  layout_gridlike, gammafunk_ghost_split, grunt_megastairs_5, uniq_khufu
Crypt:3:  david_glass_crypt, layout_misc_corridors
Depths:1: layout_basic, enter_ziggurat_b, hangedman_geh_valley,
          serial_sigils_hangedman_carve, abyss_entry, nrook_pool_corridor,
          bloody_trog, uniq_norris
Depths:2: minmay_isolated_rectangles_in_corner, layout_gridlike,
          nicolae_hell_entry_hellmouth_sunbeams, minmay_misc_feat_doors,
          rand_demon_pan_entry_9, serial_library_regret_index_double_sided
Depths:3: minmay_central_circle, layout_honeycomb, hangedman_decor_slide_cut,
          grunt_hell_entry_dis_grunt, abyss_entry
Depths:4: grunt_zot_entry_bicorn, layout_gridville, serial_co_window_serial,
          co_window_corner_a, co_window_paths_b, co_window_paths_b,
          co_window_paths_a, co_window_paths_a, co_window_broadway_c,
          co_window_2corner, co_window_2corner, co_window_corner_ca,
          co_window_corner_ca, co_window_2corner, co_window_4corner_b,
          co_window_4corner_a, nicolae_lava_and_water, hell_entry,
          minmay_room_of_horrors, pan_entry
Zot:1:    layout_basic, nrook_zot_tub
Zot:2:    layout_gridlike
Zot:3:    layout_misc_corridors, uniq_vv
Zot:4:    layout_gridlike, grunt_ministairs_1
Zot:5:    layout_basic

Skill      XL: |  1  2  3  4  5  6  7  8  9 10 11 12 13 14 15 16 17 18 19 20 21 22 23 24 25 26 27 |
---------------+----------------------------------------------------------------------------------+-----
Unarmed Combat | 4 5 6 8 9 10 12 13 14 15 16 17 18 19 20 21 23 24 25 | 25.5
Stealth        | 2 3 5 7 9 11 | 11.1
Dodging        | 6 8 10 11 12 13 15 16 17 19 20 21 22 23 24 25 | 25.5
Fighting       | 5 6 7 8 9 10 11 12 14 15 16 17 18 19 | 19.9
Translocations | 3 4 5 6 8 11 | 11.1
Spellcasting   | 1 2 5 6 7 9 |  9.9
Shapeshifting  | 3 9 10 11 12 13 14 15 16 17 18 20 | 20.9
Summonings     | 6 10 12 14 15 16 17 19 20 21 23 | 23.0
Air Magic      | 3 |  3.3

Action                     |  1- 3 |  4- 6 |  7- 9 | 10-12 | 13-15 | 16-18 | 19-21 | 22-24 | 25-27 || total
---------------------------+-------+-------+-------+-------+-------+-------+-------+-------+-------++-------
  Melee: Unarmed           |    95 |   168 |   247 |   764 |  1103 |  1595 |  1727 |  1531 |  1007 ||  8237
         Punch             |     2 |     5 |    16 |    55 |       |       |     6 |   294 |   187 ||   565
         Bite              |     7 |    10 |    29 |    61 |       |       |     7 |   224 |   165 ||   503
         Constrict         |       |       |       |    12 |   209 |   360 |   377 |       |       ||   958
         Tailslap          |       |       |       |       |       |       |    10 |   316 |   234 ||   560
   Cast: Lesser Beckoning  |       |       |       |       |     2 |    38 |    84 |    37 |    15 ||   176
         Blink             |       |       |       |       |     2 |     5 |     1 |     3 |       ||    11
         Call Canine Famil |       |       |       |       |       |    17 |     5 |       |       ||    22
         Summon Small Mamm |       |       |       |       |       |     2 |       |       |       ||     2
         Apportation       |       |       |       |       |       |     6 |     9 |       |     2 ||    17
         Summon Ice Beast  |       |       |       |       |       |    19 |     5 |       |       ||    24
         Summon Forest     |       |       |       |       |       |     1 |     1 |       |     1 ||     3
         Martyr's Knell    |       |       |       |       |       |    17 |     5 |       |       ||    22
         Summon Hydra      |       |       |       |       |       |       |     6 |       |       ||     6
         Vhi's Electric Ch |       |       |       |       |       |       |       |     1 |     1 ||     2
         Manifold Assault  |       |       |       |       |       |       |       |       |     7 ||     7
         Summon Horrible T |       |       |       |       |       |       |       |       |     1 ||     1
         Malign Gateway    |       |       |       |       |       |       |       |       |     1 ||     1
 Invoke: Serpent's Lash    |       |       |     5 |    22 |    27 |    42 |    25 |    23 |    17 ||   161
         Heavenly Storm    |       |       |       |       |       |       |     1 |     1 |     3 ||     5
Ability: Lunge             |       |       |    36 |    81 |   154 |   198 |   154 |   195 |   131 ||   949
         Whirlwind         |       |       |    16 |   113 |    74 |   126 |   123 |   255 |   277 ||   984
         Wall Jump         |       |       |     3 |    15 |    18 |    25 |    43 |    29 |    12 ||   145
         Breathe Fire      |       |       |       |       |       |       |       |    13 |     4 ||    17
  Evoke: Wand              |     1 |     4 |     7 |    17 |    16 |    21 |     4 |     1 |     9 ||    80
         Sack of spiders   |       |       |       |       |     1 |     2 |       |       |       ||     3
         Phantom mirror    |       |       |       |       |       |     2 |     1 |       |       ||     3
         Lightning rod     |       |       |       |       |       |     1 |       |       |       ||     1
         Phial of floods   |       |       |       |       |       |       |     1 |       |       ||     1
    Use: Scroll            |     4 |     4 |       |     6 |    10 |    13 |    18 |     8 |     8 ||    71
         Potion            |     1 |     1 |       |     2 |    12 |    24 |    14 |     7 |    29 ||    90
   Stab: Sleeping          |     2 |     3 |     7 |    16 |    37 |    47 |    58 |    31 |    12 ||   213
         Distracted        |       |     1 |     1 |     4 |     5 |    22 |    15 |    15 |     9 ||    72
         Paralysed         |       |       |     1 |     1 |       |       |       |       |       ||     2
         Invisible         |       |       |       |       |       |       |       |       |    23 ||    23
 Armour: Skin              |    24 |    26 |    43 |   149 |   394 |   521 |   491 |   420 |   217 ||  2285
  Dodge: Dodged            |    61 |    85 |   143 |   421 |   399 |   787 |   890 |   640 |   354 ||  3780
  Block: Other             |       |       |       |    57 |       |       |       |       |       ||    57
         Reflection        |       |       |       |     1 |       |       |       |       |       ||     1
   Form: Serpent           |       |       |       |     1 |       |     1 |       |       |       ||     2
         Dragon            |       |       |       |       |       |       |     1 |     1 |       ||     2
         Statue            |       |       |       |       |       |       |       |     1 |       ||     1
